 Dungeon Crawl Stone Soup version 0.28.0 (webtiles) character file.

Game seed: 902309921422154238

6 mopl the Ruffian (level 1, 0/16 HPs)
             Began as a Hill Orc Transmuter on Feb 8, 2022.
             Slain by a jackal (1 damage)
             ... on level 1 of the Dungeon.
             The game lasted 00:00:34 (129 turns).

mopl the Ruffian (Hill Orc Transmuter)               Turns: 129, Time: 00:00:35

Health: 0/16       AC:  2    Str: 12    XL:     1   Next: 90%
Magic:  1/3        EV: 12    Int: 13    God:
Gold:   19         SH:  0    Dex: 11    Spells: 2/3 levels left

rFire   . . .      SeeInvis .     - Unarmed
rCold   . . .      Faith    +   (no shield)
rNeg    . . .      Spirit   .   a - +0 robe
rPois   .          Reflect  .   (helmet currently unavailable)
rElec   .          Harm     .   (no cloak)
rCorr   .          Rampage  .   (no gloves)
Will    .....                   (boots currently unavailable)
Stlth   +.........              b - amulet of faith {!P}
HPRegen 0.05/turn               (no ring)
MPRegen 0.08/turn               (no ring)

@: appendages
A: horns 2, talons 2
a: End Transformation


You were on level 1 of the Dungeon.
You had temporarily grown beastly horns and talons.
You visited 1 branch of the dungeon, and saw 1 of its levels.

You collected 19 gold pieces.

Inventory:

Armour
 a - a +0 robe (worn)
Jewellery
 b - an amulet of faith (around neck) {!P}
Scrolls
 c - a scroll of amnesia {unknown}


   Skills:
 - Level 1.2 Fighting
 - Level 1.5 Dodging
 + Level 3.4 Unarmed Combat
 + Level 1.7 Spellcasting
 + Level 1.5 Transmutations


You had 2 spell levels left.
You knew the following spells:

 Your Spells              Type           Power      Damage    Failure   Level
a - Beastly Appendage     Tmut           10%        N/A       14%         1

Your spell library contained the following spells:

 Spells                   Type           Power      Damage    Failure   Level
 Wereblood                Tmut           5%         N/A       21%         2
 Spider Form              Tmut/Pois      3%         N/A       50%         3
 Ice Form                 Ice/Tmut       3%         N/A       88%         4


Dungeon Overview and Level Annotations

Branches:
Dungeon (1/15)

Altars:


Innate Abilities, Weirdness & Mutations

You have temporarily grown beastly horns and talons.


Message History

Confirm with . or Enter, or press ? or * to list all spells.
You grow a pair of large bovine horns.
Your feet morph into talons.
The jackal barks! x2
The jackal bites you.
You barely miss the jackal. Your headbutt misses the jackal.
The jackal bites you. The jackal completely misses you.
The hobgoblin barely misses you.
You hit the jackal. You claw the jackal.
You kill the jackal!
The jackal barely misses you. The hobgoblin hits you.
The jackal closely misses you.
You are too injured to fight recklessly!
You are too injured to fight recklessly!
The jackal bites you.
Your magical contamination has completely faded away.
Your transformation is almost over.
The jackal closely misses you. The jackal barely misses you.
The jackal bites you.
Your horns disappear.
Your talons disappear.
The jackal bites you.
* * * LOW HITPOINT WARNING * * *
Casting: Beastly Appendage (safe; 14% risk of failure)
Confirm with . or Enter, or press ? or * to list all spells.
You grow a pair of large bovine horns.
Your feet morph into talons.
The jackal barely misses you.
You barely miss the jackal. Your kick misses the jackal.
You headbutt the jackal, but do no damage.
The jackal barely misses you.
You hit the jackal. Your headbutt misses the jackal.
The jackal is moderately wounded.
The jackal bites you.
* * * LOW HITPOINT WARNING * * *
The jackal bites you.
* * * LOW HITPOINT WARNING * * *
The jackal barely misses you.
You barely miss the jackal. You headbutt the jackal.
You kill the jackal!
The jackal bites you.
You die...

#....................#........##
#..........................#...#
##........###.........#...#......
..........#........#..##.##.#...#
..........#........#........##.##
...................h.............
...#..)##.#........####...#....#.
#...##......†##.####...###..#.
#...##>^.....@hg.......# ..
#...##.......##.......## .
#...##.......#######..#
#...##.......# ##.#
#...##.......†....#
####...##............#
#......##............#
#......##.......##...#
#.....###.......# ...#


You could see a jackal and a hobgoblin.

Vanquished Creatures
  2 hobgoblins (D:1)
  2 jackals (D:1)
  A frilled lizard (D:1)
  A kobold (D:1)
  A rat (D:1)
7 creatures vanquished.

Notes
Turn   | Place    | Note
-------+----------+-------------------------------------------
     0 | D:1      | mopl the Hill Orc Transmuter began the quest for the Orb.
     0 | D:1      | Reached XP level 1. HP: 16/16 MP: 3/3
   129 | D:1      | Slain by a jackal

Illustrated notes

Levels and vault maps discovered:
D:1:      moated_graveyard_arrival, layout_basic,
          shapermc_ecumenical_altar_hornbeckon, hangedman_decor_clover_reticule

Action                   || total
-------------------------++-------
Melee: Unarmed           ||    27
       Kick              ||     5
       Headbutt          ||     2
 Cast: Beastly Appendage ||     3
Armor: Robe              ||     2
Dodge: Dodged            ||    27
